 Dungeon Sprint DCSS version 0.26-a0-649-gf8c6c3aab7 (webtiles) character file.

Game seed: 10014656968541110876

6847 sahdkjhfkaj the Genius of the Arcane (level 11, -13/83 HPs)
             Began as an Octopode Conjurer on Sept 27, 2020.
             Was the Champion of Sif Muna.
             Mangled by a shadow wraith (22 damage)
             ... in the Dungeon (Sprint VII: "The Pits").
             The game lasted 00:08:33 (3541 turns).

sahdkjhfkaj the Genius of the Arcane (OpCj)         Turns: 3541, Time: 00:08:33

Health: -13/83     AC:  1    Str:  7    XL:     11   Next: 6%
Magic:  17/24      EV: 18    Int: 24    God:    Sif Muna [******]
Gold:   0          SH:  0    Dex: 10    Spells: 15/29 levels left

rFire    . . .     SeeInvis .   m - +4 dagger (drain)
rCold    . . .     Faith    .   (no shield)
rNeg     . . .     Spirit   .   (helmet restricted)
rPois    .         Reflect  .   (no amulet)
rElec    .         Harm     .   (no ring)
rCorr    .         Rampage  .   (no ring)
MR       .....     NoTele   +   (no ring)
Stlth    +++.......             (no ring)
HPRegen  0.23/turn              (no ring)
MPRegen  0.19/turn              (no ring)
                                (no ring)
                                (no ring)

@: hasted and slowed
A: almost no armour, stealthy swim, amphibious, 8 rings, constrict 8, camouflage
1, gelatinous body 1
a: Channel Magic, Forget Spell, Divine Exegesis, Renounce Religion


You were in the Dungeon.
You worshipped Sif Muna.
Sif Muna was exalted by your worship.
You visited 1 branch

Inventory:

Hand Weapons
 m - a +4 dagger of draining (weapon)
Jewellery
 a - a +3 ring of strength
 n - a +3 ring of protection
Scrolls
 i - 3 scrolls of remove curse
 j - 5 scrolls of amnesia
 l - 2 scrolls of vulnerability
Potions
 b - 6 potions of curing
 c - 13 potions of heal wounds
 e - 4 potions of magic
 f - 3 potions of berserk rage
 h - a potion of invisibility
 o - 2 potions of might
 p - a potion of brilliance
 q - 2 potions of mutation


   Skills:
 + Level 11.0 Fighting
 + Level 11.2 Dodging
 - Level 2.6 Stealth
 - Level 9.9 Spellcasting
 - Level 10.2 Conjurations
 * Level 3.5 Hexes
 - Level 10.9 Fire Magic
 - Level 12.0 Invocations


You had 15 spell levels left.
You knew the following spells:

 Your Spells              Type           Power        Failure   Level
a - Magic Dart            Conj           ####         1%          1
b - Searing Ray           Conj           ######       1%          2
f - Fireball              Conj/Fire      ######....   1%          5
I - Invisibility          Hex            ####....     88%         6

Your spell library contained the following spells:

 Spells                   Type           Power        Failure   Level
 Corona                   Hex            ####...      1%          1
 Foxfire                  Conj/Fire      ####         1%          1
 Dazzling Flash           Conj/Hex       #####.       1%          3
 Static Discharge         Conj/Air       #####...     1%          3
 Sticky Flame             Conj/Fire      ######..     1%          4
 Ignite Poison            Fire/Tmut/Pois ####....     3%          3
 Fulminant Prism          Conj/Hex       #####.....   3%          4
 Mephitic Cloud           Conj/Pois/Air  ####....     4%          3
 Animate Skeleton         Necr           ##....       5%          1
 Apportation              Tloc           ##....       5%          1
 Summon Small Mammal      Summ           ##..         5%          1
 Iskenderun's Mystic Bla  Conj/Tloc      #####...     6%          4
 Passwall                 Tmut/Erth      ##......     9%          2
 Swiftness                Air            ##......     9%          2
 Bolt of Magma            Conj/Fire/Erth #####.....   9%          5
 Starburst                Conj/Fire      ######....   11%         6
 Spider Form              Tmut/Pois      ##........   16%         3
 Airstrike                Air            ##........   47%         4
 Passage of Golubria      Tloc           N/A          47%         4
 Silence                  Hex/Air        ###.......   58%         5
 Conjure Ball Lightning   Conj/Air       #####.....   69%         6
 Lee's Rapid Deconstruct  Erth           ##........   83%         5
 Ignition                 Fire           ######....   99%         8
 Eringya's Noxious Bog    Tmut/Pois      ##........   100%        6
 Chain Lightning          Conj/Air       #####.....   100%        8
 Fire Storm               Conj/Fire      ######....   100%        9


Dungeon Overview and Level Annotations

Branches:
Dungeon (1/1)

Altars:
Ashenzari
Cheibriados
Dithmenos
Elyvilon
Fedhas
Gozag
Hepliaklqana
Kikubaaqudgha
Makhleb
Nemelex Xobeh
Okawaru
Qazlal
Ru
Sif Muna
Trog
Uskayaw
Vehumet
Wu Jian
Xom
Yredelemnul
Zin
The Shining One
Beogh
Jiyva
Lugonu


Innate Abilities, Weirdness & Mutations

You cannot wear most types of armour.
You are very stealthy in the water. (Stealth+)
You are amphibious.
You can wear up to eight rings at the same time.
You can use your tentacles to constrict eight enemies at once.
Your skin changes colour to match your surroundings (Stealth+).
Your rubbery body absorbs attacks. (AC +1, EV +1)


Message History

Unknown command.
The searing ray hits something.
You finish channeling your searing ray.
Something barely misses you.
Unknown command.
Unknown command.
Casting: Searing Ray (safe; 1% risk of failure)
Confirm with . or Enter, or press ? or * to list all spells.
Press: ? - help, Shift-Dir - straight line Really fire in your small abomination's direction?
The searing ray hits something.
The searing ray hits your small abomination.
Your small abomination is lightly damaged. (Press . to maintain the ray.)
Your small abomination dissolves into shadows!
Something hits you!
* * * LOW HITPOINT WARNING * * *
Something drains your vigour!
You feel as though you will be slow longer.
The searing ray hits something!
Something hits you!!
You die...

############
#_________.#
#_________.#
#_______...###########
##########'##.........
#..(.')))'.##......#..
##########.##.........
#...)@{)).).'.....)...
#'#####[#####......#..
#.#..#..#[[##.........
#.#..'..#))#####)#####
#.#..####))##.......##
#.#.)#..#))##.......##
#)#.)#..#..##.......##
#.##)#..#'###...<...##
#.#........##.......#


There were no monsters in sight!

Vanquished Creatures
  A two-headed ogre (D)
  A flayed ghost (D)
  A deep elf mage (D)
  A manticore (D)
  A molten gargoyle (D)
  An orange demon (D)
  A cane toad (D)
  A rime drake (D)
  An efreet (D)
  A hellwing (D)
  8 dream sheep (D)
  A shadow (D)
  2 flying skulls (D)
  A redback (D)
  2 steam dragons (D)
  Menkaure (D)
  2 floating eyes (D)
  A porcupine (D)
  A phantom (D)
  A wolf (D)
  A crocodile (D)
  2 gnoll sergeants (D)
  A gnoll shaman (D)
  2 orc priests (D)
  An iguana (D)
  A hell rat (D)
  14 gnolls (D)
  An ufetubus (D)
  A leopard gecko (D)
  3 orcs (D)
  A ball python (D)
  A bat (D)
  A giant cockroach (D)
  3 hobgoblins (D)
  A kobold (D)
  A ball python skeleton (D)
  A rat (D)
66 creatures vanquished.

Vanquished Creatures (others)
  A frilled lizard (D)
1 creature vanquished.

Grand Total: 67 creatures vanquished

Notes
Turn   | Place    | Note
-------+----------+-------------------------------------------
     0 | D        | sahdkjhfkaj the Octopode Conjurer began the quest for the
                  | Orb.
     0 | D        | Reached XP level 1. HP: 11/11 MP: 3/3
    20 | D        | Found a bloodstained altar of Trog.
    20 | D        | Found a shimmering blue altar of Sif Muna.
    20 | D        | Found a viscous altar of Jiyva.
    20 | D        | Found a hazy altar of Hepliaklqana.
    20 | D        | Found an opulent altar of Gozag.
    21 | D        | Found a glowing golden altar of the Shining One.
    21 | D        | Found a glowing silver altar of Zin.
    21 | D        | Found a basalt altar of Yredelemnul.
    21 | D        | Found a shimmering altar of Xom.
    21 | D        | Found an ornate altar of the Wu Jian Council.
    21 | D        | Found a sacrificial altar of Ru.
    21 | D        | Found a stormy altar of Qazlal.
    21 | D        | Found an iron altar of Okawaru.
    21 | D        | Found a sparkling altar of Nemelex Xobeh.
    21 | D        | Found a burning altar of Makhleb.
    21 | D        | Found a blossoming altar of Fedhas.
    21 | D        | Found a white marble altar of Elyvilon.
    21 | D        | Found a shadowy altar of Dithmenos.
    21 | D        | Found a snail-covered altar of Cheibriados.
    22 | D        | Found a radiant altar of Vehumet.
    22 | D        | Found a corrupted altar of Lugonu.
    22 | D        | Found a roughly hewn altar of Beogh.
    23 | D        | Found a hide-covered altar of Uskayaw.
    23 | D        | Found an ancient bone altar of Kikubaaqudgha.
    23 | D        | Found a broken altar of Ashenzari.
    26 | D        | Became a worshipper of Sif Muna the Loreminder
   106 | D        | Noticed a floating eye
   109 | D        | Reached * piety under Sif Muna
   115 | D        | Paralysed by a floating eye for 4 turns
   120 | D        | Killed a floating eye
   120 | D        | Reached skill level 5 in Spellcasting
   120 | D        | Reached XP level 2. HP: 17/17 MP: 1/8
   120 | D        | Reached XP level 3. HP: 21/21 MP: 1/9
   120 | D        | Reached XP level 4. HP: 27/27 MP: 1/11
   129 | D        | Learned a level 2 spell: Searing Ray
   219 | D        | Reached ** piety under Sif Muna
   219 | D        | Reached XP level 5. HP: 31/31 MP: 9/12
   354 | D        | Reached *** piety under Sif Muna
   360 | D        | Reached skill level 10 in Conjurations
   361 | D        | Reached XP level 6. HP: 36/36 MP: 3/16
   501 | D        | Noticed a flying skull
   633 | D        | Reached **** piety under Sif Muna
   636 | D        | Killed a flying skull
   636 | D        | Reached skill level 5 in Dodging
   636 | D        | Reached XP level 7. HP: 30/49 MP: 9/18
   638 | D        | Noticed Menkaure
   779 | D        | Killed Menkaure
   779 | D        | Reached skill level 5 in Fighting
   998 | D        | Reached ***** piety under Sif Muna
  1001 | D        | Noticed a flying skull
  1005 | D        | Killed a flying skull
  1005 | D        | Reached XP level 8. HP: 43/58 MP: 15/21
  1083 | D        | Noticed a redback
  1085 | D        | Killed a redback
  1116 | D        | Identified Sif Muna's Reference Book on Flames (Sif Muna
                  | gifted it to you in the Dungeon)
  1116 | D        | Received a gift from Sif Muna
  1154 | D        | Noticed a molten gargoyle
  1154 | D        | Noticed a flayed ghost
  1162 | D        | Killed a flayed ghost
  1162 | D        | Reached skill level 8 in Invocations
  1165 | D        | Reached skill level 9 in Invocations
  1169 | D        | Killed a molten gargoyle
  1169 | D        | Reached skill level 10 in Invocations
  1169 | D        | Reached XP level 9. HP: 47/64 MP: 6/22
  1348 | D        | Learned a level 5 spell: Fireball
  1355 | D        | Identified Sif Muna's Disquisition on Lightness (Sif Muna
                  | gifted it to you in the Dungeon)
  1355 | D        | Received a gift from Sif Muna
  1379 | D        | Reached skill level 11 in Invocations
  1424 | D        | Noticed a rime drake
  1578 | D        | Killed a rime drake
  1578 | D        | Reached skill level 12 in Invocations
  1753 | D        | Received a gift from Sif Muna
  1754 | D        | Reached skill level 5 in Fire Magic
  1755 | D        | Noticed a deep elf mage
  1851 | D        | Identified Sif Muna's Almanac of Flying Intoxication (Sif
                  | Muna gifted it to you in the Dungeon)
  1851 | D        | Received a gift from Sif Muna
  1851 | D        | Reached XP level 10. HP: 49/73 MP: 16/23
  1932 | D        | Noticed a cane toad
  1939 | D        | Killed a cane toad
  2105 | D        | Noticed an orange demon
  2108 | D        | Reached skill level 10 in Dodging
  2210 | D        | Killed an orange demon
  2210 | D        | Reached ****** piety under Sif Muna
  2210 | D        | Reached skill level 10 in Fighting
  2505 | D        | Received a gift from Sif Muna
  2640 | D        | Noticed a deep elf mage
  2644 | D        | Killed a deep elf mage
  2741 | D        | Reached skill level 10 in Fire Magic
  2986 | D        | Noticed a two-headed ogre
  3011 | D        | Received a gift from Sif Muna
  3011 | D        | Killed a two-headed ogre
  3129 | D        | Learned a level 6 spell: Invisibility
  3156 | D        | Reached skill level 1 in Hexes
  3156 | D        | Reached XP level 11. HP: 16/82 MP: 2/24
  3470 | D        | Noticed a manticore
  3480 | D        | Killed a manticore
  3541 | D        | Mangled by a shadow wraith

Illustrated notes

Levels and vault maps discovered:
D:        pitsprint [storerooms_1, entrance_room_1, metal_vault_5, armoury_1,
          mini_pit_1, grid_room_1, main_hall_1, silver_pit, the_coven_3,
          the_vestibule_1, steel_vault_3, golden_pit, hallway_of_sentries,
          crystal_vault_4, iron_vault_2, final_vault]

Skill      XL: |  1  2  3  4  5  6  7  8  9 10 11 |
---------------+----------------------------------+-----
Spellcasting   | 5 7 8 9 |  9.9
Conjurations   | 8 10 | 10.2
Fighting       | 4 6 7 8 10 11 | 11.0
Dodging        | 5 7 9 11 | 11.2
Invocations    | 10 12 | 12.0
Fire Magic     | 6 10 | 10.9
Hexes          | 1 3 |  3.5
Stealth        | |  2.6

Action                   |  1- 3 |  4- 6 |  7- 9 | 10-12 || total
-------------------------+-------+-------+-------+-------++-------
Melee: Dagger            |     6 |     5 |     3 |     4 ||    18
       Constrict         |     3 |       |     1 |     1 ||     5
       Tentacles         |     2 |       |       |     1 ||     3
       Unarmed           |     1 |       |       |       ||     1
 Cast: Magic Dart        |     9 |       |       |       ||     9
       Searing Ray       |       |     8 |    14 |    21 ||    43
       Fireball          |       |       |     4 |    10 ||    14
Invok: Channel Magic     |       |       |       |     1 ||     1
  Use: Potion            |       |       |     1 |     2 ||     3
       Scroll            |       |       |       |     2 ||     2
Armor: Skin              |     2 |       |       |     1 ||     3
Dodge: Dodged            |     3 |     8 |    11 |    50 ||    72

Table legend: (Time is in decaauts)
 A = Elapsed time spent in this place.
 B = Non-inter-level travel time spent in this place.
 C = Inter-level travel time spent in this place.
 D = Time resting spent in this place.
 E = Time spent auto-exploring this place.
 F = Levels seen in this place.
 G = Mean time per level.
                   A        B        C        D        E       F      G
               +--------+--------+--------+--------+--------+-----+--------+
         Total |   3543 |   3472 |     71 |   2623 |      0 |   1 | 3543.0 |
       Dungeon |   3543 |   3472 |     71 |   2623 |      0 |   1 | 3543.0 |
               +--------+--------+--------+--------+--------+-----+--------+

Top non-repeatable levels by time:
       D: 3543 daAuts
